 Dungeon Crawl Stone Soup version 0.30.1-11-g7821555f0a (webtiles) character file.

Game seed: 9743969919428298867

127 MyghtyMarc the Changer (level 5, -4/33 HPs)
             Began as an Octopode Transmuter on Dec 14, 2023.
             Slain by an ogre
             ... wielding a +0 giant club
              (23 damage)
             ... on level 4 of the Dungeon.
             The game lasted 00:11:28 (2629 turns).

MyghtyMarc the Changer (Octopode Transmuter)        Turns: 2629, Time: 00:11:28

Health: -4/33      AC:  1    Str: 17    XL:     5   Next: 11%
Magic:  7/9        EV: 13    Int: 15    God:
Gold:   166        SH:  0    Dex: 13    Spells: 5/9 levels left

rFire   . .          .
                       - Unarmed
rCold   . . .        (no shield)
rNeg    . . .        (helmet currently unavailable)
rPois   .            (no amulet)
rElec   .            h - +6 ring of strength
rCorr   .            (no ring)
SInv    .            (no ring)
Will    .....        (no ring)
Stlth   +++          (no ring)
HPRegen 0.25/turn    (no ring)
MPRegen 0.11/turn    (no ring)
                     (no ring)

%: no passive effects
@: appendages, wereblooded
A: tentacle spike 3, almost no armour, amphibious, 8 rings, camouflage 1,
gelatinous body 1, (nimble swimmer 1), tentacles
a: End Transformation


You were on level 4 of the Dungeon.
One of your tentacles had grown a beastly spike.
You visited 1 branch of the dungeon, and saw 5 of its levels.

You collected 166 gold pieces.

Inventory:

Armour
 b - a +0 kite shield
Jewellery
 h - a +6 ring of strength (left tentacle)
 o - a ring of positive energy
Wands
 q - a wand of flame (24)
Scrolls
 c - 5 scrolls of teleportation {unknown}
 d - 2 scrolls of enchant weapon {unknown}
 e - 3 scrolls of identify {unknown}
 g - 2 scrolls of amnesia {unknown}
 i - 2 scrolls of noise {unknown}
 j - a scroll of enchant armour {unknown}
 n - a scroll of fear {unknown}
 p - a scroll of immolation {unknown}
Potions
 a - a potion of lignification
 f - 2 potions of curing {unknown}
 k - a potion of degeneration {unknown}
 l - a potion of magic {unknown}
 m - a potion of heal wounds {unknown}


   Skills:
 - Level 1.0 Fighting
 - Level 2.2 Dodging
 + Level 2.9 Stealth
 - Level 3.1 Unarmed Combat
 + Level 2.8 Spellcasting
 * Level 3.7 Transmutations


You had 5 spell levels left.
You knew the following spells:

 Your Spells              Type           Power      Damage    Failure   Level
a - Beastly Appendage     Tmut           26%        N/A       4%          1
b - Magic Dart            Conj           8%         1d3       21%         1
c - Wereblood             Tmut           13%        N/A       7%          2

Your spell library contained the following spells:

 Spells                   Type           Power      Damage    Failure   Level
 Spider Form              Tmut/Pois      7%         N/A       28%         3
 Searing Ray              Conj           4%         2d4       30%         2
 Vhi's Electric Charge    Tloc/Air       4%         N/A       52%         3
 Ice Form                 Ice/Tmut       7%         N/A       67%         4
 Fulminant Prism          Conj/Hex       1%         3d5       90%         4
 Arcjolt                  Conj/Air       1%         1d11      99%         5
 Plasma Beam              Fire/Air       1%         2x1d12    100%        6


Dungeon Overview and Level Annotations

Branches:
Dungeon (5/15)
 Temple: D:4-7

Altars:
Trog

Shops:
D:4 =


Innate Abilities, Weirdness & Mutations

One of your tentacles has grown a beastly spike.
You cannot wear most types of armour.
You are amphibious.
You can wear up to eight rings at the same time.
Your skin changes colour to match your surroundings (Stealth+).
Your rubbery body absorbs attacks. (AC +1, EV +1)
((You are camouflaged when in or above water. (Stealth+)))
You have tentacles for arms and can constrict up to eight enemies at once.


Message History

Confirm with . or Enter, or press ? or * to list all spells.
One of your tentacles grows a vicious spike.
The kobold hits you with a +0 club. The endoplasm freezes you.
You are frozen.
You tentacle-slap the endoplasm.
You pierce the endoplasm.
You feel a bit better.
You kill the endoplasm!
You howl as the wereblood boils in your veins!
The hobgoblin shouts!
The kobold hits you with a +0 club. The kobold attacks as you move away!
The kobold closely misses you. The goblin attacks as you move away!
The goblin hits you with a +0 club.
You closely miss the kobold. You grab the kobold.
You pierce the kobold.
The kobold is moderately wounded.
You constrict the kobold, but do no damage.
You tentacle-slap the kobold. You squeeze the kobold.
You feel a bit better.
You kill the kobold!
You tentacle-slap the hobgoblin but do no damage.
Your grab misses the hobgoblin.
Your tentacle spike misses the hobgoblin.
The hobgoblin hits you. The goblin barely misses you.
You closely miss the hobgoblin. You grab the hobgoblin.
You constrict the hobgoblin.
The hobgoblin hits you but does no damage.
The goblin hits you with a +0 club.
You tentacle-slap the hobgoblin. You squeeze the hobgoblin.
You feel a bit better.
You kill the hobgoblin!
The goblin completely misses you.
You tentacle-slap the goblin.
You feel a bit better.
You kill the goblin!
You barely miss the ogre.
You pierce the ogre.
The ogre is moderately wounded.
The ogre closely misses you.
You tentacle-slap the ogre.
You pierce the ogre.
The ogre is heavily wounded.
The ogre hits you with a +0 giant club!!
Ouch! That really hurt!
You die...

.## #........ ..###
#........ #...####
#..........#
###....######..........#
####.g.J.............#
###....######.#####.....
#...#### ####.#####...
..### #....##...# .##
####.##@.# .# ####.##O##
## #.......# # #####...#
# #.......# #
#####......## #
#...#.......+
#.+...#.......#
.###.#...#.......#


You could see an ogre.

Vanquished Creatures
  3 gnolls (D:3)
  2 adders
  A worm (D:2)
  A dart slug (D:3)
  2 orcs
  3 ball pythons
  4 bats
  7 endoplasms
  A giant cockroach (D:2)
  4 goblins
  2 hobgoblins
  3 jackals (D:3)
  2 quokkas
  13 frilled lizards (D:2)
  10 kobolds
  22 rats
80 creatures vanquished.

Notes
Turn   | Place    | Note
-------+----------+-------------------------------------------
     0 | D:1      | MyghtyMarc the Octopode Transmuter began the quest for the
                  | Orb.
     0 | D:1      | Reached XP level 1. HP: 13/13 MP: 3/3
   326 | D:1      | Reached XP level 2. HP: 13/18 MP: 5/5
   355 | D:1      | Reached skill level 1 in Stealth
   508 | D:2      | Found a bloodstained altar of Trog.
   576 | D:2      | Reached XP level 3. HP: 9/23 MP: 6/6
   909 | D:2      | Learned a level 1 spell: Magic Dart
  1482 | D:2      | Learned a level 2 spell: Wereblood
  1658 | D:3      | Reached XP level 4. HP: 21/28 MP: 7/7
  2248 | D:3      | Reached XP level 5. HP: 27/33 MP: 9/9
  2411 | D:4      | Noticed an orc warrior
  2434 | D:5      | Entered Level 5 of the Dungeon
  2480 | D:4      | Found Nolout's Jewellery Emporium.
  2571 | D:4      | Noticed an ogre
  2629 | D:4      | Slain by an ogre

Illustrated notes

Levels and vault maps discovered:
D:1:      minmay_arrival_four_houses, layout_rooms
D:2:      layout_basic, basic_altar, minmay_lizard_king
D:3:      layout_basic, minmay_rat_hole
D:4:      minmay_general_purpose_star, layout_basic,
          amethyst_overflow_temple_binary, serial_shops, shop, corner_web_ring,
          corexii_checkpoint_a, minmay_small_thing
D:5:      layout_gridville, grunt_dithmenos_smoke_and_mirrors, minitemple,
          vehumet_altar_wand_db

Skill      XL: |  1  2  3 |
---------------+----------+-----
Stealth        | 1 2 |  2.9
Transmutations | 3 |  3.7
Fighting       | |  1.0
Dodging        | |  2.2
Unarmed Combat | |  3.1
Spellcasting   | |  2.8

Action                     |  1- 3 |  4- 6 || total
---------------------------+-------+-------++-------
  Melee: Unarmed           |    89 |    61 ||   150
         Constrict         |    23 |    22 ||    45
         Tentacles         |    14 |    14 ||    28
         Kick              |     1 |     4 ||     5
   Cast: Beastly Appendage |     3 |     1 ||     4
         Magic Dart        |     2 |       ||     2
         Wereblood         |       |     2 ||     2
   Stab: Sleeping          |    11 |     4 ||    15
 Armour: Skin              |     9 |     5 ||    14
  Dodge: Dodged            |    38 |    38 ||    76
  Block: Kite shield       |     6 |       ||     6
